PCL
LAS VEGAS STARS @ SANTA MONICA BRUINS
05/30/2024
 
TOP OF THE 1ST
Las Vegas Stars batting - Pitching for Santa Monica Bruins : RHP Rafael Blanco
Pitching: RHP Rafael Blanco
Batting: RHB Ryan Campbell 0-0: DOUBLE (Line Drive, 7LM)
Batting: RHB Ron Shelton 0-0: Called Strike
0-1: Swinging Strike
0-2: SINGLE (Groundball, 4MD)
Ryan Campbell to third
Batting: LHB Eliot Helen 0-0: Called Strike
0-1: Ball
1-1: Ball
2-1: Called Strike
2-2: Ball
3-2: Fly out, F7 (Flyball, 7LMF)
3-2: Fly out, F7 (Flyball, 7LMF)
Batting: SHB Sloan James 0-0: Called Strike
0-1: Foul Ball, location: 2F
0-2: Foul Ball, location: 2F
0-2: Ball
1-2: DOUBLE (Line Drive, 7LS)
Ryan Campbell scores
Ron Shelton to third
Runner from 3rd tries for Home, SAFE, throw made home
Batting: LHB Fernando De La Cruz 0-0: Ball
1-0: Ball
2-0: Called Strike
2-1: Swinging Strike
2-2: Ball
3-2: Base on Balls
Batting: RHB Xin Zhang 0-0: SINGLE (Groundball, 6MD)
Sloan James to third
Fernando De La Cruz to second
Runner from 3rd tries for Home, SAFE, throw made home
Batting: LHB Evan Slootweg 0-0: Called Strike
0-1: Ball
1-1: Ball
2-1: Foul Ball, location: 2F
2-2: 3-RUN HOME RUN (Line Drive, 9D), Distance : 366 ft
Batting: RHB José Zúńiga 0-0: Foul Ball, location: 2F
0-1: Ball
1-1: Ball
2-1: Foul Ball, location: 2F
2-2: Foul Ball, location: 2F
2-2: Strikes out swinging
Batting: RHB Bud Major 0-0: Ball
1-0: Called Strike
1-1: Swinging Strike
1-2: Ball
2-2: Foul Ball, location: 2F
2-2: SINGLE (Groundball, 56D)
Batting: RHB Ryan Campbell 0-0: Fly out, F6 (Popup, 6MD)
Top of the 1st over - 6 run(s), 6 hit(s), 0 error(s), 1 left on base; Las Vegas 6 - Santa Monica 0
BOTTOM OF THE 1ST
Santa Monica Bruins batting - Pitching for Las Vegas Stars : RHP Ramón Pérez
Pitching: RHP Ramón Pérez
Batting: RHB Alonso Sánchez 0-0: Called Strike
0-1: Ground out 3-1 (Groundball, 34)
Batting: RHB Mark Hosley 0-0: Called Strike
0-1: Ball
1-1: Ball
2-1: Foul Ball, location: 2F
2-2: SINGLE (Flyball, 9S)
Batting: LHB António Glaviz 0-0: Ball
1-0: Ball
2-0: Ball
3-0: Base on Balls
Mark Hosley to second
Batting: LHB Germán Charfauros 0-0: Ball
1-0: 3-RUN HOME RUN (Flyball, 8RXD), Distance : 411 ft
Batting: LHB Bob Cunningham 0-0: Ball
1-0: SINGLE (Line Drive, 8LS)
Batting: LHB Raúl Guerra 0-0: Ball
1-0: Called Strike
1-1: Called Strike
1-2: Strikes out looking
Batting: LHB Greg Schultz 0-0: Ball
1-0: Ball
2-0: Ground out 4-3 (Groundball, 34)
Bottom of the 1st over - 3 run(s), 3 hit(s), 0 error(s), 1 left on base; Las Vegas 6 - Santa Monica 3
TOP OF THE 2ND
Las Vegas Stars batting - Pitching for Santa Monica Bruins : RHP Rafael Blanco
Batting: RHB Ron Shelton 0-0: Ball
1-0: Called Strike
1-1: Fly out, F9 (Flyball, 89S)
Batting: LHB Eliot Helen 0-0: SINGLE (Line Drive, 78S)
Batting: SHB Sloan James 0-0: Ball
1-0: Called Strike
1-1: Ball
2-1: Ball
3-1: 2-RUN HOME RUN (Flyball, 8LXD), Distance : 419 ft
Batting: LHB Fernando De La Cruz 0-0: Ball
1-0: Ball
2-0: Ball
3-0: Base on Balls
Batting: RHB Xin Zhang 0-0: Called Strike
0-1: Hit by Pitch
Fernando De La Cruz to second
Batting: LHB Evan Slootweg 0-0: Ball
1-0: Ball
2-0: Called Strike
2-1: Swinging Strike
2-2: Strikes out swinging
Batting: RHB José Zúńiga 0-0: Called Strike
0-1: Ball
1-1: Fly out, F9 (Flyball, 89M)
Top of the 2nd over - 2 run(s), 2 hit(s), 0 error(s), 2 left on base; Las Vegas 8 - Santa Monica 3
BOTTOM OF THE 2ND
Santa Monica Bruins batting - Pitching for Las Vegas Stars : RHP Ramón Pérez
Batting: RHB Armando Méndez 0-0: Ball
1-0: Called Strike
1-1: Called Strike
1-2: DOUBLE (Line Drive, 7LM)
Batting: RHB Carlos Carrillo 0-0: Ball
1-0: Ball
2-0: Ball
3-0: Called Strike
3-1: Ground out 4-3 (Groundball, 4)
Armando Méndez to third
Batting: RHB Alonso Sánchez 0-0: SINGLE (Groundball, 6MD)
Armando Méndez scores
Batting: RHB Mark Hosley 0-0: Called Strike
0-1: Foul Ball, location: 2F
0-2: Ball
1-2: Ball
2-2: Foul Ball, location: 2F
2-2: Grounds into double play, 6-4-3 (Groundball, 6)
Bottom of the 2nd over - 1 run(s), 2 hit(s), 0 error(s), 0 left on base; Las Vegas 8 - Santa Monica 4
TOP OF THE 3RD
Las Vegas Stars batting - Pitching for Santa Monica Bruins : RHP Rafael Blanco
Batting: RHB Bud Major 0-0: Ball
1-0: SINGLE (Line Drive, 8RS)
Batting: RHB Ryan Campbell 0-0: Fly out, F4 (Line Drive, 4M)
Batting: RHB Ron Shelton 0-0: Called Strike
0-1: Ball
1-1: SINGLE (Line Drive, 78S)
Bud Major to second
Batting: LHB Eliot Helen 0-0: Swinging Strike
0-1: Ball
1-1: Ball
2-1: Ball
3-1: Called Strike
3-2: Base on Balls
Bud Major to third
Ron Shelton to second
Batting: SHB Sloan James 0-0: Grounds into double play, 4-6-3 (Groundball, 34)
Top of the 3rd over - 0 run(s), 2 hit(s), 0 error(s), 2 left on base; Las Vegas 8 - Santa Monica 4
BOTTOM OF THE 3RD
Santa Monica Bruins batting - Pitching for Las Vegas Stars : RHP Ramón Pérez
Batting: LHB António Glaviz 0-0: Called Strike
0-1: Ball
1-1: Called Strike
1-2: Strikes out swinging
Batting: LHB Germán Charfauros 0-0: Ball
1-0: Fly out, F9 (Line Drive, 9S)
Batting: LHB Bob Cunningham 0-0: Swinging Strike
0-1: Foul Ball, location: 2F
0-2: Ground out 6-3 (Groundball, 6M)
Bottom of the 3rd over - 0 run(s), 0 hit(s), 0 error(s), 0 left on base; Las Vegas 8 - Santa Monica 4
TOP OF THE 4TH
Las Vegas Stars batting - Pitching for Santa Monica Bruins : RHP Rafael Blanco
Pitching: RHP José Castro
Batting: LHB Fernando De La Cruz 0-0: Called Strike
0-1: Ball
1-1: Ball
2-1: Ground out 6-3 (Groundball, 6M)
Batting: RHB Xin Zhang 0-0: Foul Ball, location: 2F
0-1: Foul Ball, location: 2F
0-2: Strikes out swinging
Batting: LHB Evan Slootweg 0-0: Ball
1-0: Called Strike
1-1: SINGLE (Flyball, 8RS)
Batting: RHB José Zúńiga 0-0: Ball
1-0: Called Strike
1-1: Ball
2-1: Swinging Strike
2-2: Ball
Wild Pitch!
Evan Slootweg to second
3-2: Fly out, F9 (Popup, 34D)
Top of the 4th over - 0 run(s), 1 hit(s), 0 error(s), 1 left on base; Las Vegas 8 - Santa Monica 4
BOTTOM OF THE 4TH
Santa Monica Bruins batting - Pitching for Las Vegas Stars : RHP Ramón Pérez
Batting: LHB Raúl Guerra 0-0: Foul Ball, location: 2F
0-1: Ball
1-1: Ball
2-1: Ball
3-1: Base on Balls
Batting: LHB Greg Schultz 0-0: Ball
1-0: Ball
2-0: Grounds into double play, 4-6-3 (Groundball, 4)
Batting: RHB Armando Méndez 0-0: Ball
1-0: Ball
2-0: Swinging Strike
2-1: Called Strike
2-2: Ball
3-2: Strikes out swinging
Bottom of the 4th over - 0 run(s), 0 hit(s), 0 error(s), 0 left on base; Las Vegas 8 - Santa Monica 4
TOP OF THE 5TH
Las Vegas Stars batting - Pitching for Santa Monica Bruins : RHP José Castro
Batting: RHB Bud Major 0-0: Ball
1-0: Ball
2-0: Called Strike
2-1: Ball
3-1: Called Strike
3-2: Base on Balls
Batting: RHB Ryan Campbell 0-0: Fly out, F3 (Popup, 3SF)
Batting: RHB Ron Shelton 0-0: Called Strike
0-1: Ball
1-1: Called Strike
1-2: Strikes out swinging
Batting: LHB Eliot Helen 0-0: Fly out, F3 (Popup, 13S)
Top of the 5th over - 0 run(s), 0 hit(s), 0 error(s), 1 left on base; Las Vegas 8 - Santa Monica 4
BOTTOM OF THE 5TH
Santa Monica Bruins batting - Pitching for Las Vegas Stars : RHP Ramón Pérez
Batting: RHB Carlos Carrillo 0-0: Foul Ball, location: 2F
0-1: Ground out 5-3 (Groundball, 56S)
Batting: RHB Alonso Sánchez 0-0: Ball
1-0: Ball
2-0: Ground out 6-3 (Groundball, 6M)
Batting: RHB Mark Hosley 0-0: Called Strike
0-1: Foul Ball, location: 2F
0-2: Ball
1-2: Ball
2-2: Ball
3-2: Foul Ball, location: 2F
3-2: Foul Ball, location: 2F
3-2: Base on Balls
Pitching: RHP Fred Ellis
Batting: LHB António Glaviz 0-0: Ball
1-0: Called Strike
1-1: Ball
2-1: Foul Ball, location: 2F
2-2: Ball
3-2: Base on Balls
Mark Hosley to second
Batting: LHB Germán Charfauros 0-0: Ball
Wild Pitch!
Mark Hosley to third
António Glaviz to second
1-0: Foul Ball, location: 2F
1-1: DOUBLE (Line Drive, 7LM)
Mark Hosley scores
António Glaviz scores
Batting: LHB Bob Cunningham 0-0: Foul Ball, location: 2F
0-1: Swinging Strike
Reached via error on a dropped throw, E1
Germán Charfauros to third
Batting: LHB Raúl Guerra 0-0: Ball
1-0: Foul Ball, location: 2F
1-1: Ball
2-1: Called Strike
2-2: Fly out, F7 (Flyball, 7M)
Bottom of the 5th over - 2 run(s), 1 hit(s), 1 error(s), 2 left on base; Las Vegas 8 - Santa Monica 6
TOP OF THE 6TH
Las Vegas Stars batting - Pitching for Santa Monica Bruins : RHP José Castro
Batting: SHB Sloan James 0-0: Called Strike
0-1: Fly out, F7 (Line Drive, 7S)
Batting: LHB Fernando De La Cruz 0-0: Ball
1-0: Foul Ball, location: 2F
1-1: Called Strike
1-2: Ball
2-2: Ground out 2-3 (Groundball, 2R)
Batting: RHB Xin Zhang 0-0: Ball
1-0: Ball
2-0: Foul Ball, location: 2F
2-1: Called Strike
2-2: Strikes out swinging
Top of the 6th over - 0 run(s), 0 hit(s), 0 error(s), 0 left on base; Las Vegas 8 - Santa Monica 6
BOTTOM OF THE 6TH
Santa Monica Bruins batting - Pitching for Las Vegas Stars : RHP Fred Ellis
Batting: LHB Greg Schultz 0-0: Ball
1-0: Ball
2-0: Called Strike
2-1: Foul Ball, location: 2F
2-2: Foul Ball, location: 2F
2-2: Foul Ball, location: 2F
2-2: Ball
3-2: Base on Balls
Batting: RHB Armando Méndez 0-0: Foul Ball, location: 2F
0-1: Ball
1-1: Called Strike
1-2: Strikes out swinging
Batting: RHB Carlos Carrillo 0-0: Called Strike
0-1: Foul Ball, location: 2F
0-2: Ball
1-2: Ball
2-2: Ball
3-2: Fly out, F9 (Flyball, 9M)
Batting: RHB Alonso Sánchez 0-0: Called Strike
0-1: SINGLE (Line Drive, 56D)
Greg Schultz to second
Batting: RHB Mark Hosley 0-0: Ball
1-0: SINGLE (Groundball, 56)
Greg Schultz to third
Alonso Sánchez to second
Runner from 3rd tries for Home, SAFE, throw made home
Alonso Sánchez to third
Mark Hosley to second
Batting: LHB António Glaviz 0-0: Ball
1-0: Called Strike
1-1: Called Strike
1-2: Strikes out looking
Bottom of the 6th over - 1 run(s), 2 hit(s), 0 error(s), 2 left on base; Las Vegas 8 - Santa Monica 7
TOP OF THE 7TH
Las Vegas Stars batting - Pitching for Santa Monica Bruins : RHP José Castro
Pitching: RHP Manuel López
Batting: LHB Evan Slootweg 0-0: Ball
1-0: Foul Ball, location: 2F
1-1: Called Strike
1-2: Ball
2-2: Foul Ball, location: 2F
2-2: Foul Ball, location: 2F
2-2: Ground out 4-3 (Groundball, 4)
Batting: RHB José Zúńiga 0-0: Called Strike
0-1: Ball
1-1: Foul Ball, location: 2F
1-2: Foul Ball, location: 2F
1-2: Ball
2-2: Ground out 4-3 (Groundball, 4)
Batting: RHB Bud Major 0-0: Ball
1-0: SINGLE (Line Drive, 6MD)
Pinch Hitting: LHB Paco Rivera 0-0: Ground out 6-3 (Groundball, 6)
Top of the 7th over - 0 run(s), 1 hit(s), 0 error(s), 1 left on base; Las Vegas 8 - Santa Monica 7
BOTTOM OF THE 7TH
Santa Monica Bruins batting - Pitching for Las Vegas Stars : RHP Fred Ellis
Now at SS: Brian George
Batting: LHB Germán Charfauros 0-0: Ball
1-0: Foul Ball, location: 2F
1-1: Swinging Strike
1-2: Ball
2-2: Foul Ball, location: 2F
2-2: SOLO HOME RUN (Flyball, 9D), Distance : 372 ft
Pitching: LHP Ze-min Tong
Pinch Hitting: RHB Motoshige Yagi 0-0: Fly out, F8 (Flyball, 8RD)
Pinch Hitting: LHB Ken Poche 0-0: Foul Ball, location: 2F
0-1: Swinging Strike
0-2: Ball
1-2: Fly out, F8 (Flyball, 8LXD)
Batting: LHB Greg Schultz 0-0: Ground out 1-3 (Groundball, 15S)
Bottom of the 7th over - 1 run(s), 1 hit(s), 0 error(s), 0 left on base; Las Vegas 8 - Santa Monica 8
TOP OF THE 8TH
Las Vegas Stars batting - Pitching for Santa Monica Bruins : RHP Manuel López
Now at 1B: Motoshige Yagi
Now in RF: Ken Poche
Batting: RHB Ron Shelton 0-0: SINGLE (Groundball, 4M)
Batting: LHB Eliot Helen 0-0: Fly out, F8 (Flyball, 89D)
Batting: SHB Sloan James 0-0: Called Strike
0-1: Ball
1-1: Ball
2-1: Called Strike
2-2: Foul Ball, location: 2F
2-2: Ball
3-2: Fly out, F8 (Flyball, 8RXD)
Pitching: RHP Ron Henningar
Batting: LHB Fernando De La Cruz 0-0: Ball
1-0: Ball
2-0: Foul Ball, location: 2F
2-1: Called Strike
2-2: Strikes out swinging
Top of the 8th over - 0 run(s), 1 hit(s), 0 error(s), 1 left on base; Las Vegas 8 - Santa Monica 8
BOTTOM OF THE 8TH
Santa Monica Bruins batting - Pitching for Las Vegas Stars : LHP Ze-min Tong
Pinch Hitting: RHB Salvador Salas 0-0: Ball
1-0: Called Strike
1-1: Swinging Strike
1-2: SOLO HOME RUN (Flyball, 7D), Distance : 365 ft
Batting: RHB Carlos Carrillo 0-0: Hit by Pitch
Batting: RHB Alonso Sánchez 0-0: Ball
1-0: Sac Bunt - play at first, batter OUT! 1-4
Carlos Carrillo to second
Batting: RHB Mark Hosley 0-0: Ball
1-0: Ball
2-0: Fly out, F4 (Popup, 4S)
Batting: LHB António Glaviz 0-0: Ball
1-0: SINGLE (Groundball, 34S)
Carlos Carrillo to third
Runner from 3rd tries for Home, SAFE, no throw or cutoff
Batting: LHB Germán Charfauros 0-0: Ball
1-0: Ball
2-0: Called Strike
2-1: Fly out, F7 (Line Drive, 7D)
Bottom of the 8th over - 2 run(s), 2 hit(s), 0 error(s), 1 left on base; Las Vegas 8 - Santa Monica 10
TOP OF THE 9TH
Las Vegas Stars batting - Pitching for Santa Monica Bruins : LHP Xavier Velázquez
Pitching: LHP Xavier Velázquez
Now at 3B: Salvador Salas
Batting: RHB Xin Zhang 0-0: Ball
1-0: Ball
2-0: Foul Ball, location: 2F
2-1: Ground out 4-3 (Groundball, 4M)
Pitching: RHP José Betancourt
Batting: LHB Evan Slootweg 0-0: Ball
1-0: Ball
2-0: Ball
3-0: Base on Balls
Batting: RHB José Zúńiga 0-0: Ball
1-0: Ball
2-0: Called Strike
2-1: Swinging Strike
2-2: Strikes out swinging
Batting: RHB Bud Major 0-0: Called Strike
0-1: Foul Ball, location: 2F
0-2: Ball
1-2: Fly out, F7 (Flyball, 7M)
Top of the 9th over - 0 run(s), 0 hit(s), 0 error(s), 1 left on base; Las Vegas 8 - Santa Monica 10
This league is powered by Out of the Park Baseball, the baseball management simulation game for PC, Mac and Linux
Saturday, April 9th, 2016 - OOTP Baseball 16.8 Build 38